Workbook

Sheet Maintenance Codes
A1: Code | B1: Starting Mileage | C1: Mileage Interval | D1: Starting Day | E1: Day Interval | F1: Other Reason | G1: Maintenance Description | H1: Code | I1: ='Maintenance Records'!C2 -> 65820 | J1: ='Maintenance Records'!A2 -> 45012
A2: 1a | D2: 0 | E2: 30 | F2: Before Long Trip | G2: Check the engine oil level. | H2: 1a | J2: =_xlfn.IFNA(((INDEX('Maintenance Records'!$C$5:$C$339,(MATCH('Maintenance Codes'!A2,'Maintenance Records'!$A$5:$A$339,0)))))+'Maintenance Codes'!E2,'Maintenance Records'!$C$339+'Maintenance Codes'!D2) -> 45027 | K2: rag
A3: 1b | D3: 0 | E3: 30 | F3: Before Long Trip | G3: Check the windshield washer fluid level. | H3: 1b | J3: =_xlfn.IFNA(((INDEX('Maintenance Records'!$C$5:$C$339,(MATCH('Maintenance Codes'!A3,'Maintenance Records'!$A$5:$A$339,0)))))+'Maintenance Codes'!E3,'Maintenance Records'!$C$339+'Maintenance Codes'!D3) -> 45027
A4: 1c | D4: 0 | E4: 30 | F4: Before Long Trip | G4: Check the tire inflation pressures and look for unusual wear or damage, rotate at the first sign of irregular wear. | H4: 1c | J4: =_xlfn.IFNA(((INDEX('Maintenance Records'!$C$5:$C$339,(MATCH('Maintenance Codes'!A4,'Maintenance Records'!$A$5:$A$339,0)))))+'Maintenance Codes'!E4,'Maintenance Records'!$C$339+'Maintenance Codes'!D4) -> 45027 | K4: Tread depth gauge | L4: Air gauge
A5: 1d | D5: 0 | E5: 30 | F5: Before Long Trip | G5: Check the fluid levels of the coolant reservoir, brake master cylinder, and power steering, and fill as needed. | H5: 1d | J5: =_xlfn.IFNA(((INDEX('Maintenance Records'!$C$5:$C$339,(MATCH('Maintenance Codes'!A5,'Maintenance Records'!$A$5:$A$339,0)))))+'Maintenance Codes'!E5,'Maintenance Records'!$C$339+'Maintenance Codes'!D5) -> 45027
A6: 1e | D6: 0 | E6: 30 | F6: Before Long Trip | G6: Check the function of all interior and exterior lights. | H6: 1e | J6: =_xlfn.IFNA(((INDEX('Maintenance Records'!$C$5:$C$339,(MATCH('Maintenance Codes'!A6,'Maintenance Records'!$A$5:$A$339,0)))))+'Maintenance Codes'!E6,'Maintenance Records'!$C$339+'Maintenance Codes'!D6) -> 45027
A7: 1f | D7: 0 | E7: 30 | F7: As Needed | G7: Wash/Clean | H7: 1f | J7: =_xlfn.IFNA(((INDEX('Maintenance Records'!$C$5:$C$339,(MATCH('Maintenance Codes'!A7,'Maintenance Records'!$A$5:$A$339,0)))))+'Maintenance Codes'!E7,'Maintenance Records'!$C$339+'Maintenance Codes'!D7) -> 45001
A8: 2a | D8: 0 | E8: 180 | G8: Using white lithium grease, lubricate the door hinge joints | H8: 2a | J8: =_xlfn.IFNA(((INDEX('Maintenance Records'!$C$5:$C$339,(MATCH('Maintenance Codes'!A8,'Maintenance Records'!$A$5:$A$339,0)))))+'Maintenance Codes'!E8,'Maintenance Records'!$C$339+'Maintenance Codes'!D8) -> 45177 | K8: T-50 torx bit | L8: T-40 torx bit
A9: 3a | B9: 0 | C9: 4000 | D9: 0 | E9: 360 | F9: Oil Change Indicator | G9: Change oil and filter (20lbs/ft) ***RESET OIL INDICATOR LIGHT*** | H9: 3a | I9: =(_xlfn.IFNA(((((INDEX('Maintenance Records'!$B$5:$B$339,MATCH('Maintenance Codes'!A9,'Maintenance Records'!$A$5:$A$339,0))+C9)))),'Maintenance Codes'!B9)) -> 69516 | J9: =_xlfn.IFNA(((INDEX('Maintenance Records'!$C$5:$C$339,(MATCH('Maintenance Codes'!A9,'Maintenance Records'!$A$5:$A$339,0)))))+'Maintenance Codes'!E9,'Maintenance Records'!$C$339+'Maintenance Codes'!D9) -> 45357 | K9: 13mm socket | L9: Torque wrench | M9: 15/16" socket | N9: 1/2"x6" socket extension | O9: 1/2"->3/8" adapter | P9: funnel | Q9: 3/8" ratchet
A10: 3b | B10: 0 | C10: 4000 | D10: 0 | E10: 360 | F10: Oil Change Indicator | G10: Rotate tires (SP->RP->FP->RD->FD->SP) [130lbs/ft, 59lbs/ft] | H10: 3b | I10: =(_xlfn.IFNA(((((INDEX('Maintenance Records'!$B$5:$B$339,MATCH('Maintenance Codes'!A10,'Maintenance Records'!$A$5:$A$339,0))+C10)))),'Maintenance Codes'!B10)) -> 69799 | J10: =_xlfn.IFNA(((INDEX('Maintenance Records'!$C$5:$C$339,(MATCH('Maintenance Codes'!A10,'Maintenance Records'!$A$5:$A$339,0)))))+'Maintenance Codes'!E10,'Maintenance Records'!$C$339+'Maintenance Codes'!D10) -> 45362 | K10: 22mm socket | L10: Lug key | M10: 1/2" drive torque wrench | N10: Floor jack | O10: Jack Stand | P10: Breaker Bar | Q10: Air pump
A11: 3c | B11: 0 | C11: 4000 | D11: 0 | E11: 360 | F11: Oil Change Indicator | G11: Inspect battery and clean and tighten terminals as required | H11: 3c | I11: =(_xlfn.IFNA(((((INDEX('Maintenance Records'!$B$5:$B$339,MATCH('Maintenance Codes'!A11,'Maintenance Records'!$A$5:$A$339,0))+C11)))),'Maintenance Codes'!B11)) -> 66498 | J11: =_xlfn.IFNA(((INDEX('Maintenance Records'!$C$5:$C$339,(MATCH('Maintenance Codes'!A11,'Maintenance Records'!$A$5:$A$339,0)))))+'Maintenance Codes'!E11,'Maintenance Records'!$C$339+'Maintenance Codes'!D11) -> 45305 | K11: 13mm socket | L11: 12mm socket | M11: 10mm socket | N11: 1/4" ratchet
A12: 3d | B12: 0 | C12: 4000 | D12: 0 | E12: 360 | F12: Oil Change Indicator | G12: Inspect the CV/Universal joints | H12: 3d | I12: =(_xlfn.IFNA(((((INDEX('Maintenance Records'!$B$5:$B$339,MATCH('Maintenance Codes'!A12,'Maintenance Records'!$A$5:$A$339,0))+C12)))),'Maintenance Codes'!B12)) -> 66498 | J12: =_xlfn.IFNA(((INDEX('Maintenance Records'!$C$5:$C$339,(MATCH('Maintenance Codes'!A12,'Maintenance Records'!$A$5:$A$339,0)))))+'Maintenance Codes'!E12,'Maintenance Records'!$C$339+'Maintenance Codes'!D12) -> 45305
A13: 3e | B13: 0 | C13: 4000 | D13: 0 | E13: 360 | F13: Oil Change Indicator | G13: Inspect brake pads, shoes, rotors, drums, hoses and park brake | H13: 3e | I13: =(_xlfn.IFNA(((((INDEX('Maintenance Records'!$B$5:$B$339,MATCH('Maintenance Codes'!A13,'Maintenance Records'!$A$5:$A$339,0))+C13)))),'Maintenance Codes'!B13)) -> 66521 | J13: =_xlfn.IFNA(((INDEX('Maintenance Records'!$C$5:$C$339,(MATCH('Maintenance Codes'!A13,'Maintenance Records'!$A$5:$A$339,0)))))+'Maintenance Codes'!E13,'Maintenance Records'!$C$339+'Maintenance Codes'!D13) -> 45306 | K13: 18mm socket | L13: pliers | M13: 13mm socket | N13: 21mm socket | O13: Hammer
A14: 3f | B14: 0 | C14: 4000 | D14: 0 | E14: 360 | F14: Oil Change Indicator | G14: Inspect engine cooling system protection and hoses | H14: 3f | I14: =(_xlfn.IFNA(((((INDEX('Maintenance Records'!$B$5:$B$339,MATCH('Maintenance Codes'!A14,'Maintenance Records'!$A$5:$A$339,0))+C14)))),'Maintenance Codes'!B14)) -> 66498 | J14: =_xlfn.IFNA(((INDEX('Maintenance Records'!$C$5:$C$339,(MATCH('Maintenance Codes'!A14,'Maintenance Records'!$A$5:$A$339,0)))))+'Maintenance Codes'!E14,'Maintenance Records'!$C$339+'Maintenance Codes'!D14) -> 45305
A15: 3g | B15: 0 | C15: 4000 | D15: 0 | E15: 360 | F15: Oil Change Indicator | G15: Inspect exhaust system | H15: 3g | I15: =(_xlfn.IFNA(((((INDEX('Maintenance Records'!$B$5:$B$339,MATCH('Maintenance Codes'!A15,'Maintenance Records'!$A$5:$A$339,0))+C15)))),'Maintenance Codes'!B15)) -> 66498 | J15: =_xlfn.IFNA(((INDEX('Maintenance Records'!$C$5:$C$339,(MATCH('Maintenance Codes'!A15,'Maintenance Records'!$A$5:$A$339,0)))))+'Maintenance Codes'!E15,'Maintenance Records'!$C$339+'Maintenance Codes'!D15) -> 45305
A16: 3h | B16: 0 | C16: 4000 | D16: 0 | E16: 360 | F16: Oil Change Indicator | G16: Inspect engine air cleaner if using in dusty or off-road conditions | H16: 3h | I16: =(_xlfn.IFNA(((((INDEX('Maintenance Records'!$B$5:$B$339,MATCH('Maintenance Codes'!A16,'Maintenance Records'!$A$5:$A$339,0))+C16)))),'Maintenance Codes'!B16)) -> 66498 | J16: =_xlfn.IFNA(((INDEX('Maintenance Records'!$C$5:$C$339,(MATCH('Maintenance Codes'!A16,'Maintenance Records'!$A$5:$A$339,0)))))+'Maintenance Codes'!E16,'Maintenance Records'!$C$339+'Maintenance Codes'!D16) -> 45305 | K16: 8mm socket | L16: 1/4"x6" socket extension
A17: 3i | B17: 0 | C17: 4000 | D17: 0 | E17: 360 | F17: Oil Change Indicator | G17: Inspect all door latches for presence of grease, reapply if necessary | H17: 3i | I17: =(_xlfn.IFNA(((((INDEX('Maintenance Records'!$B$5:$B$339,MATCH('Maintenance Codes'!A17,'Maintenance Records'!$A$5:$A$339,0))+C17)))),'Maintenance Codes'!B17)) -> 66498 | J17: =_xlfn.IFNA(((INDEX('Maintenance Records'!$C$5:$C$339,(MATCH('Maintenance Codes'!A17,'Maintenance Records'!$A$5:$A$339,0)))))+'Maintenance Codes'!E17,'Maintenance Records'!$C$339+'Maintenance Codes'!D17) -> 45305
A18: 3j* | B18: 62637 | C18: 4000 | D18: 1139 | E18: 360 | F18: Before Off-Road Trip | G18: Inspect air compressor fluid level | H18: 3j* | I18: =(_xlfn.IFNA(((((INDEX('Maintenance Records'!$B$5:$B$339,MATCH('Maintenance Codes'!A18,'Maintenance Records'!$A$5:$A$339,0))+C18)))),'Maintenance Codes'!B18)) -> 66637 | J18: =_xlfn.IFNA(((INDEX('Maintenance Records'!$C$5:$C$339,(MATCH('Maintenance Codes'!A18,'Maintenance Records'!$A$5:$A$339,0)))))+'Maintenance Codes'!E18,'Maintenance Records'!$C$339+'Maintenance Codes'!D18) -> 45315 | K18: Inspection mirror | L18: 12mm socket
A19: 4a | B19: 20000 | C19: 10000 | D19: 720 | E19: 360 | G19: Inspect the CV/Universal joints | H19: 4a | I19: =(_xlfn.IFNA(((((INDEX('Maintenance Records'!$B$5:$B$339,MATCH('Maintenance Codes'!A19,'Maintenance Records'!$A$5:$A$339,0))+C19)))),'Maintenance Codes'!B19)) -> 72498 | J19: =_xlfn.IFNA(((INDEX('Maintenance Records'!$C$5:$C$339,(MATCH('Maintenance Codes'!A19,'Maintenance Records'!$A$5:$A$339,0)))))+'Maintenance Codes'!E19,'Maintenance Records'!$C$339+'Maintenance Codes'!D19) -> 45305
A20: 5a | B20: 20000 | C20: 20000 | D20: 720 | E20: 720 | G20: Inspect front suspension, tie rod ends, rear suspension, and replace if necessary | H20: 5a | I20: =(_xlfn.IFNA(((((INDEX('Maintenance Records'!$B$5:$B$339,MATCH('Maintenance Codes'!A20,'Maintenance Records'!$A$5:$A$339,0))+C20)))),'Maintenance Codes'!B20)) -> 82521 | J20: =_xlfn.IFNA(((INDEX('Maintenance Records'!$C$5:$C$339,(MATCH('Maintenance Codes'!A20,'Maintenance Records'!$A$5:$A$339,0)))))+'Maintenance Codes'!E20,'Maintenance Records'!$C$339+'Maintenance Codes'!D20) -> 45666 | K20: 21mm socket | L20: 18mm socket | M20: 15mm socket | N20: 13mm socket
A21: 5b | B21: 20000 | C21: 20000 | D21: 720 | E21: 720 | G21: Inspect the brake linings, replace as necessary | H21: 5b | I21: =(_xlfn.IFNA(((((INDEX('Maintenance Records'!$B$5:$B$339,MATCH('Maintenance Codes'!A21,'Maintenance Records'!$A$5:$A$339,0))+C21)))),'Maintenance Codes'!B21)) -> 82521 | J21: =_xlfn.IFNA(((INDEX('Maintenance Records'!$C$5:$C$339,(MATCH('Maintenance Codes'!A21,'Maintenance Records'!$A$5:$A$339,0)))))+'Maintenance Codes'!E21,'Maintenance Records'!$C$339+'Maintenance Codes'!D21) -> 45666
A22: 5c | B22: 20000 | C22: 20000 | D22: 720 | E22: 720 | G22: Adjust parking brake on vehicles equipped with four wheel disc brakes | H22: 5c | I22: =(_xlfn.IFNA(((((INDEX('Maintenance Records'!$B$5:$B$339,MATCH('Maintenance Codes'!A22,'Maintenance Records'!$A$5:$A$339,0))+C22)))),'Maintenance Codes'!B22)) -> 82521 | J22: =_xlfn.IFNA(((INDEX('Maintenance Records'!$C$5:$C$339,(MATCH('Maintenance Codes'!A22,'Maintenance Records'!$A$5:$A$339,0)))))+'Maintenance Codes'!E22,'Maintenance Records'!$C$339+'Maintenance Codes'!D22) -> 45666
A23: 5d | B23: 20000 | C23: 20000 | D23: 720 | E23: 720 | G23: Replace air conditioning/cabin air filter | H23: 5d | I23: =(_xlfn.IFNA(((((INDEX('Maintenance Records'!$B$5:$B$339,MATCH('Maintenance Codes'!A23,'Maintenance Records'!$A$5:$A$339,0))+C23)))),'Maintenance Codes'!B23)) -> 82521 | J23: =_xlfn.IFNA(((INDEX('Maintenance Records'!$C$5:$C$339,(MATCH('Maintenance Codes'!A23,'Maintenance Records'!$A$5:$A$339,0)))))+'Maintenance Codes'!E23,'Maintenance Records'!$C$339+'Maintenance Codes'!D23) -> 45666
A24: 6a | B24: 30000 | C24: 30000 | D24: 1080 | E24: 1080 | G24: Replace engine air cleaner filter | H24: 6a | I24: =(_xlfn.IFNA(((((INDEX('Maintenance Records'!$B$5:$B$339,MATCH('Maintenance Codes'!A24,'Maintenance Records'!$A$5:$A$339,0))+C24)))),'Maintenance Codes'!B24)) -> 92498 | J24: =_xlfn.IFNA(((INDEX('Maintenance Records'!$C$5:$C$339,(MATCH('Maintenance Codes'!A24,'Maintenance Records'!$A$5:$A$339,0)))))+'Maintenance Codes'!E24,'Maintenance Records'!$C$339+'Maintenance Codes'!D24) -> 46025
A25: 6b | B25: 30000 | C25: 30000 | D25: 1080 | E25: 1080 | G25: Change the manual transmission fluid if using your vehicle for any of the following: trailer towing, snow plowing, heavy loading, taxi, police, delivery service (commercial service), off-road, desert operation or more than 50% of your driving is at sustained high speeds during hot weather, above 90°F (32°C) | H25: 6b | I25: =(_xlfn.IFNA(((((INDEX('Maintenance Records'!$B$5:$B$339,MATCH('Maintenance Codes'!A25,'Maintenance Records'!$A$5:$A$339,0))+C25)))),'Maintenance Codes'!B25)) -> 92531 | J25: =_xlfn.IFNA(((INDEX('Maintenance Records'!$C$5:$C$339,(MATCH('Maintenance Codes'!A25,'Maintenance Records'!$A$5:$A$339,0)))))+'Maintenance Codes'!E25,'Maintenance Records'!$C$339+'Maintenance Codes'!D25) -> 46026 | K25: 24mm socket
A26: 7a | B26: 20000 | C26: 40000 | D26: 720 | E26: 1440 | G26: Inspect the front and rear axle fluid | H26: 7a | I26: =(_xlfn.IFNA(((((INDEX('Maintenance Records'!$B$5:$B$339,MATCH('Maintenance Codes'!A26,'Maintenance Records'!$A$5:$A$339,0))+C26)))),'Maintenance Codes'!B26)) -> 105806 | J26: =_xlfn.IFNA(((INDEX('Maintenance Records'!$C$5:$C$339,(MATCH('Maintenance Codes'!A26,'Maintenance Records'!$A$5:$A$339,0)))))+'Maintenance Codes'!E26,'Maintenance Records'!$C$339+'Maintenance Codes'!D26) -> 46442 | K26: 3/8" drive torque wrench
A27: 8a | B27: 40000 | C27: 40000 | D27: 1440 | E27: 1440 | G27: Change front and rear axle fluid if using your vehicle for police, taxi, fleet, off-road or frequent trailer towing | H27: 8a | I27: =(_xlfn.IFNA(((((INDEX('Maintenance Records'!$B$5:$B$339,MATCH('Maintenance Codes'!A27,'Maintenance Records'!$A$5:$A$339,0))+C27)))),'Maintenance Codes'!B27)) -> 105806 | J27: =_xlfn.IFNA(((INDEX('Maintenance Records'!$C$5:$C$339,(MATCH('Maintenance Codes'!A27,'Maintenance Records'!$A$5:$A$339,0)))))+'Maintenance Codes'!E27,'Maintenance Records'!$C$339+'Maintenance Codes'!D27) -> 46442 | K27: 3/8" drive torque wrench | L27: Fluid Pump
A28: 9a | B28: 100000 | C28: 50000 | D28: 3600 | E28: 1800 | G28: Flush and replace the engine coolant at 10 years or 150,000 miles (240,000 km) whichever comes first | H28: 9a | I28: =(_xlfn.IFNA(((((INDEX('Maintenance Records'!$B$5:$B$339,MATCH('Maintenance Codes'!A28,'Maintenance Records'!$A$5:$A$339,0))+C28)))),'Maintenance Codes'!B28)) -> 100000 | J28: =_xlfn.IFNA(((INDEX('Maintenance Records'!$C$5:$C$339,(MATCH('Maintenance Codes'!A28,'Maintenance Records'!$A$5:$A$339,0)))))+'Maintenance Codes'!E28,'Maintenance Records'!$C$339+'Maintenance Codes'!D28) -> 47416
A29: 10a | B29: 30000 | C29: 60000 | D29: 1080 | E29: 2160 | G29: Inspect transfer case fluid | H29: 10a | I29: =(_xlfn.IFNA(((((INDEX('Maintenance Records'!$B$5:$B$339,MATCH('Maintenance Codes'!A29,'Maintenance Records'!$A$5:$A$339,0))+C29)))),'Maintenance Codes'!B29)) -> 91411 | J29: =_xlfn.IFNA(((INDEX('Maintenance Records'!$C$5:$C$339,(MATCH('Maintenance Codes'!A29,'Maintenance Records'!$A$5:$A$339,0)))))+'Maintenance Codes'!E29,'Maintenance Records'!$C$339+'Maintenance Codes'!D29) -> 46519
A30: 11a | B30: 60000 | C30: 60000 | D30: 2160 | E30: 2160 | G30: Change transfer case fluid if using your vehicle for any of the following: police, taxi, fleet, or frequent trailer towing | H30: 11a | I30: =(_xlfn.IFNA(((((INDEX('Maintenance Records'!$B$5:$B$339,MATCH('Maintenance Codes'!A30,'Maintenance Records'!$A$5:$A$339,0))+C30)))),'Maintenance Codes'!B30)) -> 122531 | J30: =_xlfn.IFNA(((INDEX('Maintenance Records'!$C$5:$C$339,(MATCH('Maintenance Codes'!A30,'Maintenance Records'!$A$5:$A$339,0)))))+'Maintenance Codes'!E30,'Maintenance Records'!$C$339+'Maintenance Codes'!D30) -> 47106 | K30: 10mm hex
A31: 12a | B31: 100000 | C31: 100000 | D31: 3600 | E31: 3600 | G31: Replace spark plugs – 3.6L Engine | H31: 12a | I31: =(_xlfn.IFNA(((((INDEX('Maintenance Records'!$B$5:$B$339,MATCH('Maintenance Codes'!A31,'Maintenance Records'!$A$5:$A$339,0))+C31)))),'Maintenance Codes'!B31)) -> 100000 | J31: =_xlfn.IFNA(((INDEX('Maintenance Records'!$C$5:$C$339,(MATCH('Maintenance Codes'!A31,'Maintenance Records'!$A$5:$A$339,0)))))+'Maintenance Codes'!E31,'Maintenance Records'!$C$339+'Maintenance Codes'!D31) -> 47416
A32: 12b | B32: 100000 | C32: 100000 | D32: 3600 | E32: 3600 | G32: Inspect and replace PCV valve if necessary | H32: 12b | I32: =(_xlfn.IFNA(((((INDEX('Maintenance Records'!$B$5:$B$339,MATCH('Maintenance Codes'!A32,'Maintenance Records'!$A$5:$A$339,0))+C32)))),'Maintenance Codes'!B32)) -> 100000 | J32: =_xlfn.IFNA(((INDEX('Maintenance Records'!$C$5:$C$339,(MATCH('Maintenance Codes'!A32,'Maintenance Records'!$A$5:$A$339,0)))))+'Maintenance Codes'!E32,'Maintenance Records'!$C$339+'Maintenance Codes'!D32) -> 47416
A33: 13a | D33: 180 | E33: 180 | G33: Clay bar: all paint | H33: 13a | J33: =_xlfn.IFNA(((INDEX('Maintenance Records'!$C$5:$C$339,(MATCH('Maintenance Codes'!A33,'Maintenance Records'!$A$5:$A$339,0)))))+'Maintenance Codes'!E33,'Maintenance Records'!$C$339+'Maintenance Codes'!D33) -> 45024
A34: 13b | D34: 180 | E34: 180 | G34: Focused paint care: polish, coat and wax | H34: 13b | J34: =_xlfn.IFNA(((INDEX('Maintenance Records'!$C$48:$C$339,(MATCH('Maintenance Codes'!A34,'Maintenance Records'!$A$48:$A$339,0)))))+'Maintenance Codes'!E34,'Maintenance Records'!$C$339+'Maintenance Codes'!D34) -> 45024
A35: 14a | F35: As Needed | G35: Other | H35: 14a

Sheet Maintenance Records
A1: Today's Date | B1: Days Owned | C1: Mileage | D1: Cost of Ownership | G1: Jeep Averages | J1: Budget
A2: =TODAY() -> 45012 | B2: =A2-C339 -> 1196 | C2: =MAX('Fuel Consumption'!G:G,B$5:B339) -> 65820 | D2: =SUM('Maintenance Records'!M:M,'Fuel Consumption'!K250,'Mods, Accessories, Parts, Tools'!J:J,Legalities!K:K) -> 58781.847 | G2: Miles/Day | H2: Cost/Day | I2: Cost/Mile | J2: Cost/Month
G3: =C2/B2 -> 55.033445 | H3: =D2/B2 -> 49.148701 | I3: =D2/C2 -> 0.89306969 | J3: =(D2-M339)/((B2/365)*12) -> 841.87806
A4: Code | B4: Odometer | C4: Date | D4: Notes | M4: Price
A5: ---Insert New Row---Insert New Row---Insert New Row---Insert New Row---Insert New Row---Insert New Row---Insert New Row---Insert New Row---
A20: 8a | B20: 65806 | C20: 45002 | D20: Differential's fluid drained and refilled with 75w-90. | M20: 0
A21: 7a | B21: 65806 | C21: 45002 | D21: Rear fluid smelled burned, looked dark. Front fluid was tinted slightly darker than new. | M21: 0
A22: 3b | B22: 65799 | C22: 45002 | D22: Five tires rotated: SP>RP>FP>RD>FD>SP | M22: 0
A23: 3a | B23: 65516 | C23: 44997 | D23: Oil drained and replaced. Oil Filter removed and replaced. 68% oil life. | M23: 0
A24: 2a | B24: 65516 | C24: 44997 | D24: Door hinges lubricated with with lithium grease. | M24: 0
A25: 1e | B25: 65516 | C25: 44997 | D25: All interior and exterior lights functioning. | M25: 0
A26: 1d | B26: 65516 | C26: 44997 | D26: Coolant reservior, brake master cylinder, and power steering all good. | M26: 0
A27: 1c | B27: 65516 | C27: 44997 | D27: SP: 36(15mm) RP:36(14mm) FP: 36(14mm) RD: 36(14mm) FD: 36(14mm) | M27: 0
A28: 1b | B28: 65516 | C28: 44997 | D28: Windshieild wiper fluid at 50%. | M28: 0
A29: 1a | B29: 65516 | C29: 44997 | D29: Engine oil low, but solidly on the stick. | M29: 0
A30: 1a | B30: 63887 | C30: 44971 | D30: Engine oil low, but solidly on the stick. | M30: 0
A31: 1b | B31: 63887 | C31: 44971 | D31: Windshield wiper fluid level good. | M31: 0
... A43: 5c | B43: 62521 | C43: 44946 | D43: Parking brake checked. No need for adjustment. | M43: 0
A44: 5b | B44: 62521 | C44: 44946 | D44: Brake linings look good. | G44: RP | H44: FP | I44: RD | J44: FD | K44: RPp | L44: RDp | M44: 0
A45: 5a | B45: 62521 | C45: 44946 | D45: Visual inspection. All looks good. | M45: 0
A46: 3e | B46: 62521 | C46: 44946 | D46: Brake systems look good. | M46: 0
A47: 3b | B47: 62521 | C47: 44946 | D47: Five tires rotated: SP>RP>FP>RD>FD>SP | M47: 0
A48: 14a | B48: 62502 | C48: 44945 | D48: Replaced front driver-side DRL. | M48: 0
A49: 14a | B49: 62498 | C49: 44945 | D49: A Automotive Tazer JL Lite installed. | M49: 0
A50: 6a | B50: 62498 | C50: 44945 | D50: Engine air filter replaced. | M50: 0
A51: 4a | B51: 62498 | C51: 44945 | D51: CV/U-joints look good. | M51: 0
A52: 3i | B52: 62498 | C52: 44945 | D52: Reapplied grease. | M52: 0
A53: 3h | B53: 62498 | C53: 44945 | D53: Air filter looks dirty. | M53: 0
A54: 3g | B54: 62498 | C54: 44945 | D54: Exhaust system looks ok. Small dent in pipe. | M54: 0
A55: 3f | B55: 62498 | C55: 44945 | D55: Small leak from hose clamp. | M55: 0
A56: 3d | B56: 62498 | C56: 44945 | D56: CV/U-joints look good. | M56: 0
... A66: 14a | B66: 60260 | C66: 44917 | D66: Four wheel alignment by AutoNation Spring | M66: 129.95
A67: 3b | B67: 60239 | C67: 44917 | D67: New tires installed by Discount Tire | M67: =2031.98-1570 -> 461.98
A68: 14a | B68: 57247 | C68: 44844 | D68: Rust Protection | M68: 2055.38
A69: 1f | B69: 57247 | C69: 44844 | D69: Interior Detail
A70: 13b | B70: 57247 | C70: 44844 | D70: Paint Correction - 3 Step Cut, Buff, Gloss
A71: 13a | B71: 57247 | C71: 44844
A72: 1f | B72: 56379 | C72: 44794 | D72: Power washed exterior.
A73: 1e | B73: 56375 | C73: 44794 | D73: All interior and exterior lights functioning. | M73: 0
A74: 1d | B74: 56375 | C74: 44794 | D74: Coolant added. Brake master cylinder fluid, power sterring at maximum. | M74: 0
A75: 1c | B75: 56375 | C75: 44794 | D75: SP: 0(5mm) RP:35.3(4mm) FP: 35.0(5mm) RD: 37.1(5mm) FD: 36.0(6mm) | M75: 0
A76: 1b | B76: 56375 | C76: 44794 | D76: Windshieild wiper fluid at 85%. | M76: 0
A77: 1a | B77: 56375 | C77: 44794 | D77: Engine oil good. | M77: 0
A78: 14a | B78: 56290 | C78: 44792 | D78: Re-centered steering wheel. Traction control light turned off. | M78: 0
A79: 14a | C79: 44758 | D79: Went to Auto Hobby Shop to install air compressor. Was not sucessful. | M79: 54
A80: 1f | B80: 55180 | C80: 44745 | D80: Powerwashed exterior, cleaned interior. Not great, but it was done… finally.
A81: 3i | B81: 55180 | C81: 44745 | D81: Reapplied grease. | M81: 0
A82: 3h | B82: 55180 | C82: 44745 | D82: Air filter looks good. | M82: 0
A83: 3g | B83: 55180 | C83: 44745 | D83: Exhaust system looks ok. Small dent in pipe. | M83: 0
A84: 3f | B84: 55180 | C84: 44745 | D84: Cooling hoses look good. | M84: 0
A85: 3c | B85: 55180 | C85: 44745 | D85: Battery/terminals look good. | M85: 0
A86: 3a | B86: 55180 | C86: 44745 | D86: Oil drained and replaced. Oil Filter removed and replaced. 44% oil life. | M86: 0
A87: 1e | B87: 55180 | C87: 44745 | D87: All interior and exterior lights functioning. | M87: 0
A88: 1d | B88: 55180 | C88: 44745 | D88: Coolant level, brake master cylinder fluid, power sterring at maximum. | M88: 0
A89: 1c | B89: 55180 | C89: 44745 | D89: SP: 0(5mm) RP:36.4(4mm) FP: 36.4(4mm) RD: 36.3(5mm) FD: 36.0(6mm) | M89: 0
A90: 1b | B90: 55180 | C90: 44745 | D90: Windshieild wiper fluid at 90%. | M90: 0
A91: 1a | B91: 55180 | C91: 44745 | D91: Engine oil good. | M91: 0
A92: 14a | B92: 55030 | C92: 44743 | D92: TPMS fault cleared on its own. | M92: 0
... A153: 1b | B153: 40900 | C153: 44452 | D153: Windshieild wiper fluid topped off. | M153: 0
A154: 8a | B154: 40896 | C154: 44450 | D154: Differential fluid drained and refilled with 75w-90. | I154: front drain plug | K154: rear drain plug | M154: 0
A155: 5b | B155: 40896 | C155: 44450 | D155: Brake linings look good. | G155: RP | H155: FP | I155: RD | J155: FD | M155: 0
A156: 5a | B156: 40896 | C156: 44450 | D156: Checked bolt torques and visual inspection. Tightened all four upper shock bolts. | M156: 0
A157: 4a | B157: 40896 | C157: 44450 | D157: CV/U-joints look good. | M157: 0
A158: 3i | B158: 40896 | C158: 44450 | D158: Reapplied grease. | M158: 0
A159: 3h | B159: 40896 | C159: 44450 | D159: Air filter looks good. | M159: 0
A160: 3g | B160: 40896 | C160: 44450 | D160: Exhaust system looks ok. Small dent in pipe. | M160: 0
A161: 3f | B161: 40896 | C161: 44450 | D161: Cooling hoses look good. | M161: 0
A162: 3e | B162: 40896 | C162: 44450 | D162: Brake systems look good. | M162: 0
A163: 3d | B163: 40896 | C163: 44450 | D163: CV/U-joints look good. | M163: 0
A164: 3c | B164: 40896 | C164: 44450 | D164: Battery/terminals look good. | M164: 0
A165: 3b | B165: 40896 | C165: 44450 | D165: Four tires rotated: RP>FP>RD>FD>RP, all five tires set 36.0 psi. | M165: 0
A166: 3a | B166: 40896 | C166: 44450 | D166: Oil drained and replaced (4.5qts). Oil Filter removed and replaced. | M166: 0
A167: 1e | B167: 40896 | C167: 44450 | D167: All interior and exterior lights functioning. | M167: 0
... A339: 14a | B339: 14 | C339: 43816 | D339: Purchased from AutoNation-Spring. State inspection completed. | M339: 25678.74

Sheet Maintenance Supplies
A1: Quanity | B1: Size | D1: Item | E1: Manufacturer | F1: Part Number | G1: Description | H1: Reorder
A2: 1 | B2: 5 | C2: qt | D2: Engine Oil | E2: Penzoil | F2: N/A | G2: Ultra Platnium Full Synthetic 0W-20 Motor Oil | H2: 1
A3: 0.5 | B3: 1 | C3: gal | D3: Windshield Wiper Fluid | E3: Ace | F3: 8286254 | G3: Winshield Wash | H3: 0.5
A4: 5 | B4: 1 | C4: gal | D4: Engine Coolant | E4: Valvoline | F4: 888374 | G4: Zerex American Vehicle Antifreeze/Coolant | H4: 3
A5: 0 | B5: 0 | D5: Brake Fluid | H5: 1
A6: 1 | B6: 1 | C6: L | D6: Power Steering Fluid | E6: Pentosin | F6: 1405116 | G6: CHF 11S Long-Life Synthetic Hydraulic Fluid | H6: 1
A7: 0.5 | B7: 1.5 | C7: oz | D7: White Lithium Grease | E7: Permatex | F7: N/A | G7: White Lithium Grease | H7: 0.25
A8: 2 | B8: 1 | C8: x | D8: Engine Oil Filter | E8: Mopar | F8: MO-349 | G8: Oil Filter | H8: 1
A9: 1 | B9: 0 | D9: Engine Air Filter | E9: WIX | F9: WA10841 | G9: Engine Air Filter | H9: 1
A10: 1 | B10: 1 | C10: pr | D10: Brake Pads, Front | E10: PowerStop | F10: Z36-1589 | G10: Z36 Truck & Tow Carbon-fiber Ceramic Brake Pads | H10: 1
A11: 1 | B11: 1 | C11: pr | D11: Brake Pads, Rear | E11: PowerStop | F11: Z36-6004 | G11: Z36 Truck & Tow Carbon-fiber Ceramic Brake Pads | H11: 1
A12: 1 | B12: 0 | D12: Cabin Air Filter | E12: WIX | F12: WP10371 | G12: Cabin Air Filter | H12: 1
A13: 3 | B13: 1 | C13: qt | D13: Transmission Fluid | E13: Valvoline | F13: 822348 | G13: Automatic Transmission Fluid | H13: 3
A14: 0.5 | B14: 1 | C14: gal | D14: Differential Fluid | E14: Valvoline | F14: 882505-EA | G14: Valvoline SynPower SAE 75W-90 Full Synthetic Gear Oil | H14: 1
A15: 2 | B15: 0 | D15: Transfer Case Fluid | E15: Valvoline | F15: 822348 | G15: Automatic Transmission Fluid | H15: 2
A16: 0 | B16: 0 | D16: Spark Plugs | H16: 6
A17: 0 | B17: 0 | D17: PCV Valve | H17: 1
A18: 1 | B18: 2 | C18: x | D18: Daytime Running Light | E18: Sylvania | F18: 7443ST.BP2 | G18: 7443 SilverStar Lamp | H18: 1
A20: Updated: | B20: 45002

Sheet Fault Codes
A1: Code | B1: Mileage | C1: Description
B2: 30xxx | C2: O2 sensors faulty - read by random jeep dealership during a trip, no codes given to record
B3: 55030 | C3: TPMS Failure: rough trail riding after swapping spare onto front driver
B4: 56185 | C4: Traction Control Light, lit after tire hit rock at 10-15 mph. Steering wheel cocked at 9 o'clock.

Sheet Legalities
A1: Date | B1: Notes | K1: Price
A2: 43816 | B2: Purchased from AutoNation-Spring. State inspection completed. Registration complete. | K2: 0
A3: 43833 | B3: NFCU Loan payment | K3: 358.91
A4: 43864 | B4: NFCU Loan payment | K4: 358.91
A5: 43893 | B5: NFCU Loan payment | K5: 358.91
A6: 43924 | B6: NFCU Loan payment | K6: 358.91
A7: 43954 | B7: NFCU Loan payment | K7: 358.91
A8: 43985 | B8: NFCU Loan payment | K8: 358.91
A9: 44015 | B9: NFCU Loan payment | K9: 358.91
A10: 44046 | B10: NFCU Loan payment | K10: 358.91
A11: 44077 | B11: NFCU Loan payment | K11: 358.91
A12: 44107 | B12: NFCU Loan payment | K12: 358.91
A13: 44138 | B13: NFCU Loan payment | K13: 358.91
... A45: 44988 | B45: NFCU Loan payment | K45: 358.91

Sheet Fuel Consumption
A1: Date & Time | B1: Location | C1: Pump # | D1: Trip | E1: Economy | F1: Hours On | G1: Odometer | H1: Oil Life | I1: Gallons | J1: Price/Gal | K1: Fuel Cost | L1: Trip MPG | M1: Eco vs MPG
A2: 43820.757 | B2: HEB Fuel (00594) Indian Springs, The Woodlands, Tx 77382 | C2: 5 | D2: 290.3 | E2: 19.5 | F2: 0.57722222 | G2: 290 | I2: 14.963 | J2: 2.099 | K2: =I2*J2 -> 31.407337 | L2: =D2/I2 -> 19.40119 | M2: =(E2/L2)-1 -> 0.0050930072
A3: 43825.459 | B3: Handi Stop (36) Magnolia, Tx 77354 | C3: 2 | D3: 400.9 | E3: 20.4 | F3: 0.47532407 | G3: 691 | I3: 20.083 | J3: 2.239 | K3: =I3*J3 -> 44.965837 | L3: =D3/I3 -> 19.962157 | M3: =(E3/L3)-1 -> 0.021933649
A4: 43829.815 | B4: HEB Fuel (00594) Indian Springs, The Woodlands, Tx 77382 | C4: 3 | D4: 341 | G4: 1032 | I4: 17.236 | J4: 2.199 | K4: =I4*J4 -> 37.901964 | L4: =D4/I4 -> 19.784173
A5: 43835.572 | B5: HEB Fuel (00594) Indian Springs, The Woodlands, Tx 77382 | C5: 3 | D5: 369.4 | E5: 19.5 | F5: 0.52244213 | G5: 1402 | H5: 0.86 | I5: 19.646 | J5: 2.199 | K5: =I5*J5 -> 43.201554 | L5: =D5/I5 -> 18.80281 | M5: =(E5/L5)-1 -> 0.037079047
A6: 43841.367 | B6: HEB Fuel (00594) Indian Springs, The Woodlands, Tx 77382 | C6: 3 | D6: 341.8 | E6: 20.4 | F6: 0.48274306 | G6: 1744 | H6: 0.82 | I6: 17.364 | J6: 2.159 | K6: =I6*J6 -> 37.488876 | L6: =D6/I6 -> 19.684405 | M6: =(E6/L6)-1 -> 0.036353423
A7: 43844.717 | B7: HEB Fuel (00594) Indian Springs, The Woodlands, Tx 77382 | C7: 3 | D7: 330.4 | E7: 21 | F7: 0.39881944 | G7: 2075 | H7: 0.79 | I7: 16.214 | J7: 2.159 | K7: =I7*J7 -> 35.006026 | L7: =D7/I7 -> 20.377452 | M7: =(E7/L7)-1 -> 0.030550847
A8: 43848.826 | B8: Pilot (573), Hempstead, Tx 77445 | C8: 13 | D8: 371.6 | E8: 21.8 | F8: 0.34819444 | G8: 2447 | H8: 0.76 | I8: 17.61 | J8: 2.199 | K8: =I8*J8 -> 38.72439 | L8: =D8/I8 -> 21.101647 | M8: =(E8/L8)-1 -> 0.033094726
A9: 43856.623 | B9: HEB Fuel (00594) Indian Springs, The Woodlands, Tx 77382 | C9: 4 | D9: 404.1 | E9: 20.8 | F9: 0.43138889 | G9: 2851 | H9: 0.72 | I9: 19.947 | J9: 2.059 | K9: =I9*J9 -> 41.070873 | L9: =D9/I9 -> 20.258686 | M9: =(E9/L9)-1 -> 0.026720119
A10: 43861.419 | B10: Circle K (0348) Huntsville, Tx 77340 | C10: 7 | D10: 408.1 | E10: 21.4 | F10: 0.39488426 | G10: 3260 | H10: 0.68 | I10: 19.545 | J10: 2.099 | K10: =I10*J10 -> 41.024955 | L10: =D10/I10 -> 20.88002 | M10: =(E10/L10)-1 -> 0.02490321
A11: 43867.622 | B11: Stripes (1049) Huntsville, Tx 77340 | C11: 12 | D11: 379.5 | E11: 20.7 | F11: 0.36957176 | G11: 3639 | H11: 0.64 | I11: 18.275 | J11: 2.069 | K11: =I11*J11 -> 37.810975 | L11: =D11/I11 -> 20.766074 | M11: =(E11/L11)-1 -> -0.0031818182
A12: 43868.564 | B12: HEB Fuel (00594) Indian Springs, The Woodlands, Tx 77382 | C12: 3 | D12: 220.5 | E12: 20.6 | F12: 0.19700231 | G12: 3860 | H12: 0.62 | I12: 10.821 | J12: 1.959 | K12: =I12*J12 -> 21.198339 | L12: =D12/I12 -> 20.377045 | M12: =(E12/L12)-1 -> 0.010941497
A13: 43874.565 | B13: HEB Fuel (00594) Indian Springs, The Woodlands, Tx 77382 | C13: 3 | D13: 382.4 | E13: 21.3 | F13: 0.36488426 | G13: 4242 | H13: 0.58 | I13: 18.867 | J13: 1.939 | K13: =I13*J13 -> 36.583113 | L13: =D13/I13 -> 20.268193 | M13: =(E13/L13)-1 -> 0.050907688
A14: 43879.656 | B14: HEB Fuel (00594) Indian Springs, The Woodlands, Tx 77382 | C14: 5 | D14: 346.6 | E14: 20.1 | F14: 0.45769676 | G14: 4589 | H14: 0.55 | I14: 18.353 | J14: 1.999 | K14: =I14*J14 -> 36.687647 | L14: =D14/I14 -> 18.885196 | M14: =(E14/L14)-1 -> 0.064325736
A15: 43881.865 | B15: 7-Eleven (36030) Waco, Tx 76706 | C15: 3 | D15: 355.4 | E15: 18.4 | F15: 0.33503472 | G15: 4944 | H15: 0.51 | I15: 18.853 | J15: 2.099 | K15: =I15*J15 -> 39.572447 | L15: =D15/I15 -> 18.851111 | M15: =(E15/L15)-1 -> -0.023930219
A16: 43886.658 | B16: HEB Fuel (00594) Indian Springs, The Woodlands, Tx 77382 | C16: 3 | D16: 366.7 | E16: 21 | F16: 0.34640046 | G16: 5311 | H16: 0.47 | I16: 18.389 | J16: 2.089 | K16: =I16*J16 -> 38.414621 | L16: =D16/I16 -> 19.941269 | M16: =(E16/L16)-1 -> 0.053092446
... A126: 44392.744 | B126: DM Express/Class six, Davis-Monthan AFB 85707 | C126: 1 | D126: 254.5 | E126: 20 | F126: 0.33626157 | G126: 34048 | H126: 0.57 | I126: 13.321 | J126: 2.979 | K126: =I126*J126 -> 39.683259 | L126: =D126/I126 -> 19.105172 | M126: =(E126/L126)-1 -> 0.046836935
A127: 44392.939 | C127: 7 | D127: 203.8 | E127: 20.8 | F127: 0.1269213 | G127: 34252 | H127: 0.55 | I127: 9.596 | J127: 3.129 | K127: =I127*J127 -> 30.025884 | L127: =D127/I127 -> 21.238016 | M127: =(E127/L127)-1 -> -0.020624141
A128: 44393.212 | B128: Kent Kwik | D128: 365 | E128: 20.2 | F128: 0.20533565 | G128: 34617 | H128: 0.51 | I128: 17.95 | J128: 3.159 | K128: =I128*J128 -> 56.70405 | L128: =D128/I128 -> 20.334262 | M128: =(E128/L128)-1 -> -0.0066027397
A129: 44393.472 | B129: Circle K (1054), San Antonio, Tx 78249 | C129: 13 | D129: 297.8 | E129: 16.3 | F129: 0.25636574 | G129: 34915 | H129: 0.48 | I129: 19.366 | J129: 2.799 | K129: =I129*J129 -> 54.205434 | L129: =D129/I129 -> 15.377466 | M129: =(E129/L129)-1 -> 0.059992612
A130: 44397.641 | B130: HEB Fuel (00594) Indian Springs, The Woodlands, Tx 77382 | C130: 5 | D130: 310.1 | E130: 18.8 | F130: 0.7609375 | G130: 35225 | H130: 0.45 | I130: 16.367 | J130: 2.729 | K130: =I130*J130 -> 44.665543 | L130: =D130/I130 -> 18.946661 | M130: =(E130/L130)-1 -> -0.0077407288
A131: 44401.349 | B131: HEB Fuel (00622) Bulverde, Tx 78070 | C131: 4 | D131: 312.4 | E131: 19.6 | F131: 0.30354167 | G131: 35538 | H131: 0.42 | I131: 16.686 | J131: 2.759 | K131: =I131*J131 -> 46.036674 | L131: =D131/I131 -> 18.722282 | M131: =(E131/L131)-1 -> 0.046880922
A132: 44402.475 | B132: HEB Fuel (00594) Indian Springs, The Woodlands, Tx 77382 | C132: 3 | D132: 252.6 | E132: 19.8 | F132: 0.28783565 | G132: 35791 | H132: 0.39 | I132: 13.027 | J132: 2.729 | K132: =I132*J132 -> 35.550683 | L132: =D132/I132 -> 19.390497 | M132: =(E132/L132)-1 -> 0.021118765
A133: 44409.528 | B133: HEB Fuel (00594) Indian Springs, The Woodlands, Tx 77382 | C133: 4 | D133: 375.5 | E133: 21.2 | F133: 0.47633102 | G133: 36166 | H133: 0.97 | I133: 18.726 | J133: 2.699 | K133: 50.54 | L133: =D133/I133 -> 20.052334 | M133: =(E133/L133)-1 -> 0.057233555
A134: 44414.542 | B134: QuikTrip (00866) Westworth Village, Tx 76114 | C134: 18 | D134: 364.4 | E134: 20.3 | F134: 0.38053241 | G134: 36531 | H134: 0.93 | I134: 17.669 | J134: 2.719 | K134: =I134*J134 -> 48.042011 | L134: =D134/I134 -> 20.623691 | M134: =(E134/L134)-1 -> -0.015695115
A135: 44415.539 | B135: QuikTrip (04029) Spring Branch, Tx 78070 | C135: 7 | D135: 267.8 | E135: 18 | F135: 0.19452546 | G135: 36798 | H135: 0.91 | I135: 15.521 | J135: 2.699 | K135: =I135*J135 -> 41.891179 | L135: =D135/I135 -> 17.254043 | M135: =(E135/L135)-1 -> 0.043233757
A136: 44416.482 | B136: QuikTrip (00989) Ennis, Tx 75119 | C136: 19 | D136: 356.2 | E136: 19.8 | F136: 0.22501157 | G136: 37155 | H136: 0.87 | I136: 18.715 | J136: 2.689 | K136: =I136*J136 -> 50.324635 | L136: =D136/I136 -> 19.032861 | M136: =(E136/L136)-1 -> 0.040306008
A137: 44417.398 | B137: HEB Fuel (00594) Indian Springs, The Woodlands, Tx 77382 | C137: 3 | D137: 229.8 | E137: 18.2 | F137: 0.17956019 | G137: 37385 | H137: 0.85 | I137: 12.726 | J137: 2.699 | K137: =I137*J137 -> 34.347474 | L137: =D137/I137 -> 18.05752 | M137: =(E137/L137)-1 -> 0.0078903394
A138: 44419.557 | B138: HEB Fuel (00594) Indian Springs, The Woodlands, Tx 77382 | C138: 7 | D138: 246.1 | E138: 18.4 | F138: 0.25424769 | G138: 37631 | H138: 0.82 | I138: 13.651 | J138: 2.699 | K138: =I138*J138 -> 36.844049 | L138: =D138/I138 -> 18.027983 | M138: =(E138/L138)-1 -> 0.020635514
A139: 44429.519 | B139: Circle K (2704039) Seguin, Tx 78155 | C139: 6 | D139: 213 | E139: 19.6 | F139: 0.18586806 | G139: 37844 | H139: 0.8 | I139: 10.946 | J139: 2.619 | K139: =I139*J139 -> 28.667574 | L139: =D139/I139 -> 19.459163 | M139: =(E139/L139)-1 -> 0.0072375587
A140: 44429.708 | B140: Stripes (0097) Sonora, Tx 76950 | C140: 4 | D140: 202.5 | E140: 19.4 | F140: 0.13318287 | G140: 38047 | H140: 0.78 | I140: 10.903 | J140: 2.959 | K140: =I140*J140 -> 32.261977 | L140: =D140/I140 -> 18.57287 | M140: =(E140/L140)-1 -> 0.044534321
A141: 44429.874 | B141: Pilot (209) Van Horn, Tx 79855 | C141: 5 | D141: 259 | E141: 18.1 | F141: 0.13954861 | G141: 38306 | H141: 0.75 | I141: 14.931 | J141: 3.159 | K141: =I141*J141 -> 47.167029 | L141: =D141/I141 -> 17.34646 | M141: =(E141/L141)-1 -> 0.043440541
A142: 44430.075 | B142: Petro (385) Deming, NM 88030 | C142: 1 | D142: 234.4 | E142: 20.5 | F142: 0.22679398 | G142: 38540 | H142: 0.73 | I142: 11.348 | J142: 3.049 | K142: =I142*J142 -> 34.600052 | L142: =D142/I142 -> 20.655622 | M142: =(E142/L142)-1 -> -0.0075341297
A143: 44430.696 | B143: DM Express/Class six, Davis-Monthan AFB 85707 | C143: 3 | D143: 315 | E143: 20.2 | F143: 0.18667824 | G143: 38855 | H143: 0.7 | I143: 16.573 | J143: 2.979 | K143: =I143*J143 -> 49.370967 | L143: =D143/I143 -> 19.006818 | M143: =(E143/L143)-1 -> 0.062776508
A144: 44443.398 | B144: DM Express/Class six, Davis-Monthan AFB 85707 | C144: 9 | D144: 350.3 | E144: 19.8 | F144: 0.50643519 | G144: 39206 | H144: 0.66 | I144: 18.163 | J144: 2.969 | K144: =I144*J144 -> 53.925947 | L144: =D144/I144 -> 19.286461 | M144: =(E144/L144)-1 -> 0.026626891
A145: 44443.953 | B145: Loves (722) Mayer, AZ 86333 | C145: 5 | D145: 369.8 | E145: 22.2 | F145: 0.32829861 | G145: 39576 | H145: 0.63 | I145: 17.73 | J145: 2.939 | K145: =I145*J145 -> 52.10847 | L145: =D145/I145 -> 20.857304 | M145: =(E145/L145)-1 -> 0.064375338
... A188: 44646.64 | B188: Fuel Maxx (40) Brookshire, Tx 77423 | C188: 4 | D188: 362.3 | E188: 19 | F188: 0.38923611 | G188: 51373 | H188: 0.83 | I188: 19.575 | J188: 3.999 | K188: =I188*J188 -> 78.280425 | L188: =D188/I188 -> 18.508301 | M188: =(E188/L188)-1 -> 0.026566381
A189: 44675 | D189: =G189-G188 -> 380 | G189: 51753 | H189: 0.79 | I189: 18.4 | J189: =K189/I189 -> 3.7994565 | K189: 69.91 | L189: =D189/I189 -> 20.652174
A190: 44682 | D190: =G190-G189 -> 244 | G190: 51997 | H190: 0.76 | I190: 11.241 | J190: =K190/I190 -> 3.69718 | K190: 41.56 | L190: =D190/I190 -> 21.706254
A191: 44682 | D191: =G191-G190 -> 383 | G191: 52380 | H191: 0.72 | I191: 14.982 | J191: =K191/I191 -> 3.9507409 | K191: 59.19 | L191: =D191/I191 -> 25.56401
A192: 44683 | D192: =G192-G191 -> 198 | G192: 52578 | H192: 0.71 | I192: 7.714 | J192: =K192/I192 -> 3.9395904 | K192: 30.39 | L192: =D192/I192 -> 25.667617
A193: 44683 | D193: =G193-G192 -> 228 | G193: 52806 | H193: 0.68 | I193: 10.183 | J193: =K193/I193 -> 4.1078268 | K193: 41.83 | L193: =D193/I193 -> 22.390258
A194: 44683 | D194: =G194-G193 -> 281 | G194: 53087 | H194: 0.65 | I194: 11.349 | J194: =K194/I194 -> 4.3792405 | K194: 49.7 | L194: =D194/I194 -> 24.759891
A195: 44684 | D195: =G195-G194 -> 250 | G195: 53337 | H195: 0.63 | I195: 9.996 | J195: =K195/I195 -> 4.2987195 | K195: 42.97 | L195: =D195/I195 -> 25.010004
A196: 44685 | D196: =G196-G195 -> 280 | G196: 53617 | H196: 0.6 | I196: 13.252 | J196: =K196/I196 -> 4.1623906 | K196: 55.16 | L196: =D196/I196 -> 21.128886
A197: 44685 | D197: =G197-G196 -> 202 | G197: 53819 | H197: 0.58 | I197: 8.895 | J197: =K197/I197 -> 4.4496908 | K197: 39.58 | L197: =D197/I197 -> 22.709387
A198: 44702.798 | B198: Spoko Fuel, Airway Heights, WA 99022 | C198: 9 | D198: =2724.1-(SUM(D189:D197)) -> 278.1 | E198: 20.4 | G198: 54097 | H198: 0.55 | I198: 14.121 | J198: 4.829 | K198: =I198*J198 -> 68.190309 | L198: =D198/I198 -> 19.694073 | M198: =(E198/L198)-1 -> 0.03584466
A199: 44708.64 | B199: Maverik (592), Airway Heights, Wa 99224 | C199: 2 | D199: 130.4 | E199: 20.8 | F199: 0.1840625 | G199: 54227 | H199: 0.54 | I199: 5.913 | J199: 4.789 | K199: =I199*J199 -> 28.317357 | L199: =D199/I199 -> 22.053103 | M199: =(E199/L199)-1 -> -0.056822086
A200: 44709.398 | B200: HWY 95 Jifi Stop, Cour d'Alene, ID 83814 | C200: 5 | D200: 128.9 | E200: 18.9 | F200: 0.18739583 | G200: 54356 | H200: 0.53 | I200: 6.85 | J200: 4.749 | K200: =I200*J200 -> 32.53065 | L200: =D200/I200 -> 18.817518 | M200: =(E200/L200)-1 -> 0.0043832428
A201: 44728.734 | B201: Fairchild Express, Fairchild AFB, WA 99011 | C201: 8 | D201: 263.8 | E201: 19.6 | F201: 0.49498843 | G201: 54620 | H201: 0.5 | I201: 13.736 | J201: 5.749 | K201: =I201*J201 -> 78.968264 | L201: =D201/I201 -> 19.205009 | M201: =(E201/L201)-1 -> 0.020567096
A202: 44742.719 | B202: Fairchild Express, Fairchild AFB, WA 99011 | C202: 6 | D202: 297.9 | E202: 20.9 | F202: 0.51923611 | G202: 54918 | H202: 0.47 | I202: 11.667 | J202: 5.059 | K202: =I202*J202 -> 59.023353 | L202: =D202/I202 -> 25.533556 | M202: =(E202/L202)-1 -> -0.18146928
A203: 44744.397 | B203: Fairchild Express, Fairchild AFB, WA 99011 | C203: 6 | D203: 244.4 | E203: 20.7 | F203: 0.43449074 | G203: 55163 | H203: 0.45 | I203: 12.191 | J203: 5.039 | K203: =I203*J203 -> 61.430449 | L203: =D203/I203 -> 20.047576 | M203: =(E203/L203)-1 -> 0.032543781
A204: 44756.565 | B204: Fairchild Express, Fairchild AFB, WA 99011 | C204: 6 | D204: 212.4 | E204: 19.9 | F204: 0.36255787 | G204: 55375 | H204: 0.98 | I204: 10.876 | J204: 4.889 | K204: =I204*J204 -> 53.172764 | L204: =D204/I204 -> 19.529239 | M204: =(E204/L204)-1 -> 0.018984934
A205: 44768.705 | B205: Fairchild Express, Fairchild AFB, WA 99011 | C205: 8 | D205: 318.3 | E205: 21.2 | F205: 0.47482639 | G205: 55694 | H205: 0.95 | I205: 15.767 | J205: 4.729 | K205: =I205*J205 -> 74.562143 | L205: =D205/I205 -> 20.187734 | M205: =(E205/L205)-1 -> 0.050142633
A206: 44780.819 | B206: Fairchild Express, Fairchild AFB, WA 99011 | C206: 6 | D206: 379.6 | E206: 20.8 | F206: 0.58063657 | G206: 56073 | H206: 0.9 | I206: 18.821 | J206: 4.499 | K206: =I206*J206 -> 84.675679 | L206: =D206/I206 -> 20.16896 | M206: =(E206/L206)-1 -> 0.031287671
A207: 44794.466 | B207: Fairchild Express, Fairchild AFB, WA 99011 | C207: 8 | D207: 306.7 | E207: 21.7 | F207: 0.54346065 | G207: 56380 | H207: 0.87 | I207: 14.888 | J207: 4.379 | K207: =I207*J207 -> 65.194552 | L207: =D207/I207 -> 20.600484 | M207: =(E207/L207)-1 -> 0.053373329
A208: 44800.527 | B208: Panther Pit Stop, Cusick, WA 99119 | C208: 3 | D208: 162.7 | E208: 21 | F208: 0.27163194 | G208: 56543 | H208: 0.85 | I208: 7.768 | J208: 4.389 | K208: =I208*J208 -> 34.093752 | L208: =D208/I208 -> 20.944902 | M208: =(E208/L208)-1 -> 0.0026306085
A209: 44805.667 | B209: Panther Pit Stop, Cusick, WA 99119 | C209: 3 | D209: 254.5 | E209: 21 | F209: 0.42112269 | G209: 56797 | H209: 0.82 | I209: 12.672 | J209: 4.389 | K209: =I209*J209 -> 55.617408 | L209: =D209/I209 -> 20.083649 | M209: =(E209/L209)-1 -> 0.045626719
A210: 44807.681 | B210: Fairchild Express, Fairchild AFB, WA 99011 | C210: 2 | D210: 225.3 | E210: 15.8 | F210: 0.60015046 | G210: 57023 | H210: 0.77 | I210: 14.776 | J210: 4.259 | K210: =I210*J210 -> 62.930984 | L210: =D210/I210 -> 15.247699 | M210: =(E210/L210)-1 -> 0.036221926
... A245: 45006.664 | B245: 7-Eleven (36977), Round Rock, TX 78681 | C245: 5 | D245: 193.4 | E245: 15.9 | F245: 0.38748843 | G245: 65820 | H245: 0.97 | I245: 12.255 | J245: 2.759 | K245: =I245*J245 -> 33.811545 | L245: =D245/I245 -> 15.781314 | M245: =(E245/L245)-1 -> 0.0075206825
A249: ---Insert New Row---Insert New Row---Insert New Row---Insert New Row---Insert New Row---Insert New Row---Insert New Row---
C250: Total | D250: =SUM(D2:D249) -> 65758 | F250: =SUM(F2:F249) -> 68.042338 | I250: =SUM(I2:I249) -> 3481.245 | J250: =K250/I250 -> 2.6725867 | K250: =SUM(K2:K249) -> 9303.9292
C252: Average | D252: =AVERAGE(D2:D249) -> 269.5 | E252: =AVERAGE(E2:E249) -> 19.235897 | F252: =AVERAGE(F2:F249) -> 0.2920272 | H252: =AVERAGE(H2:H249) -> 0.73302905 | I252: =AVERAGE(I2:I249) -> 14.267398 | J252: =AVERAGE(J2:J249) -> 2.6768846 | K252: =AVERAGE(K2:K249) -> 38.130857 | L252: =AVERAGE(L2:L249) -> 19.118312 | M252: =AVERAGE(M2:M249) -> 0.021124939
C253: Max | D253: =MAX(D2:D249) -> 417.9 | E253: =MAX(E2:E249) -> 23.2 | F253: =MAX(F2:F249) -> 0.84636574 | H253: =MAX(H2:H249) -> 1 | I253: =MAX(I2:I249) -> 20.33 | J253: =MAX(J2:J249) -> 5.749 | K253: =MAX(K2:K249) -> 84.675679 | L253: =MAX(L2:L249) -> 44.712329 | M253: =MAX(M2:M249) -> 0.57499389
C254: Min | D254: =MIN(D2:D249) -> 81.6 | E254: =MIN(E2:E249) -> 11 | F254: =MIN(F2:F249) -> 0.068553241 | H254: =MIN(H2:H249) -> 0.25 | I254: =MIN(I2:I249) -> 1.825 | J254: =MIN(J2:J249) -> 1.459 | K254: =MIN(K2:K249) -> 3.173675 | L254: =MIN(L2:L249) -> 10.879654 | M254: =MIN(M2:M249) -> -0.49231005

Sheet Mods, Accessories, Parts, Tools
A1: Purchase Date | B1: Price | C1: QTY | D1: Manufacturer | E1: Item Number | F1: Item Description | G1: Weight (lbs) | H1: Supplier | I1: Installation Date | J1: Total
A2: 43825 | B2: 19.95 | C2: 1 | D2: MOPAR | E2: 82215337 | F2: High Definition Screen Protector | G2: 0.09 | H2: Amazon: BUDORA DIRECT | I2: 43827 | J2: 21.6
A3: 43826 | B3: 364.99 | C3: 1 | D3: Britax | E3: E1C372C | F3: One4Life ClickTight All-in-One Convertible Car Seat | G3: 30 | H3: Target | I3: 43826 | J3: 395.1
A4: 43850 | B4: 9.13 | C4: 1 | D4: Mothers | E4: 05424 | F4: Carpet & Upholstery Cleaner | G4: n/a | H4: Mothers | I4: 43853 | J4: 181.23
B5: 10.07 | C5: 1 | D5: Mothers | E5: 05664 | F5: Car Wash, 64 oz. | G5: n/a | H5: Mothers | I5: 43853
B6: 7.42 | C6: 1 | D6: Mothers | E6: 05924 | F6: Foaming Wheel & Tire Cleaner, 24 oz. | G6: n/a | H6: Mothers | I6: 43853
B7: 7.96 | C7: 1 | D7: Mothers | E7: 06512 | F7: All-In-One Leather Care | G7: n/a | H7: Mothers | I7: 43853
B8: 8.24 | C8: 1 | D8: Mothers | E8: 06524 | F8: VLR - Vinyl, Leather, Rubber Care | G8: n/a | H8: Mothers | I8: 43853
B9: 14.99 | C9: 2 | D9: Mothers | E9: 90-155300 | F9: Microfiber Ultra-Soft Drying Towel | G9: n/a | H9: Mothers | I9: 43853
B10: 6.99 | C10: 2 | D10: Mothers | E10: 90-155500 | F10: Microfiber Ultra-Soft Wheel & Jamb Towel | G10: n/a | H10: Mothers | I10: 43853
B11: 6.99 | C11: 2 | D11: Mothers | E11: 90-155600 | F11: Microfiber Ultra-Soft Quick Detail Towel | G11: n/a | H11: Mothers | I11: 43853
B12: 4.99 | C12: 1 | D12: Mothers | E12: 90-155700 | F12: Wheel Brush | G12: n/a | H12: Mothers | I12: 43853
B13: 5.99 | C13: 1 | D13: Mothers | E13: 90-155800 | F13: Fender Well Brush | G13: n/a | H13: Mothers | I13: 43853
B14: 3.99 | C14: 1 | D14: Mothers | E14: 90-155900 | F14: Carpet & Upholstery Brush | G14: n/a | H14: Mothers | I14: 43853
B15: 3.99 | C15: 1 | D15: Mothers | E15: 90-156000 | F15: Tire Brush | G15: n/a | H15: Mothers | I15: 43853
B16: 3.99 | C16: 1 | D16: Mothers | E16: 90-156100 | F16: Brake Dust Brush | G16: n/a | H16: Mothers | I16: 43853
... B19: 25 | C19: 1 | D19: Mothers | E19: 90-90004 | F19: Mothers Professional Grade Premium Microfiber Towels (12-pack) | G19: n/a | H19: Mothers | I19: 43853
A20: 43850 | B20: 12 | C20: 1 | D20: Lilly Brush | F20: Mini Pet Hair Detailer | G20: n/a | H20: Amazon: Lilly Brush | I20: 43851 | J20: 12.99
A21: 43850 | B21: 15.49 | C21: 1 | D21: Bestop | E21: 11203-00 | F21: Vinyl Window Cleaner, 8oz | G21: n/a | H21: Amazon: 4Wheel Drive Hardware | I21: 43853 | J21: 39.33
B22: 20.84 | C22: 1 | D22: Bestop | E22: 11207-00 | F22: Protector for Black Twill Soft Tops | G22: n/a | H22: Amazon: 4Wheel Drive Hardware | I22: 43853
A23: 43850 | B23: 9.99 | C23: 1 | D23: Grit guard | F23: Grit Guard Insert - Black | G23: n/a | H23: Grit Guard | I23: 43853 | J23: 31.47
B24: 9.99 | C24: 1 | D24: Grit guard | F24: Grit Guard Insert - Green | G24: n/a | H24: Grit Guard | I24: 43853
A25: 43873 | B25: 14.99 | C25: 1 | D25: GO | E25: 030-04-3436 | F25: GO by Goldbug Dual Facing Mirror | G25: 0.63 | H25: Target | I25: 43874 | J25: =B25*1.0825 -> 16.226675
A26: 43899 | B26: 10.5 | C26: 1 | D26: Pennzoil | E26: 550040865 | F26: Pennzoil Ultra Platinum Full Sythetic 0W-20 Motor Oil (1-quart) | G26: n/a | H26: Amazon.com Services LLC | I26: 43903 | J26: =(B26+B27)*(1.0764) -> 41.409108
B27: 27.97 | C27: 1 | D27: Pennzoil | E27: 550045201 | F27: Pennzoil Ultra Platinum Full Sythetic 0W-20 Motor Oil (5-quart) | G27: n/a | H27: Amazon.com Services LLC | I27: 43903
B28: 12.45 | C28: 1 | D28: MOPAR | E28: 68191349AC | F28: Engine Filter | G28: n/a | H28: AutoNation Spring | I28: 43903 | J28: 13.48
B29: 17.99 | C29: 1 | D29: Traveler | E29: TS01 | F29: 4 in. x 6 ft. Tree Saver / Tow Strap | H29: Tractor Supply Co. | I29: 43911 | J29: 69.99
B30: 20.99 | C30: 1 | D30: SmartStraps | E30: 130 | F30: Tow Strap with Loop Ends, 20 ft., 17,000 lb. | H30: Tractor Supply Co. | I30: 43911
B31: 12.99 | C31: 2 | D31: Traveler | E31: NBSK475T | F31: 5T D-Shackle for Truck Winch | G31: 2.48 | H31: Tractor Supply Co. | I31: 43911
A32: 43978 | B32: 65.47 | C32: 1 | D32: Pennzoil | F32: Pennzoil Ultra Platinum Full Synthetic 0W-20 Motor Oil (1-Quart, Case of 6) | G32: n/a | H32: Amazon.com Services LLC | J32: 201.9
B33: 121.04 | C33: 1 | D33: Pennzoil | F33: Pennzoil Ultra Platinum Full Synthetic 0W-20 Motor Oil (5-Quart, Case of 3) | G33: n/a | H33: Amazon.com Services LLC
A34: 43979 | B34: 14.09 | C34: 1 | D34: Mothers | E34: 05324 | F34: Protectant - 24 oz | G34: n/a | H34: Amazon.com Services LLC | I34: 43979 | J34: 12.25
A35: 43980 | B35: 12.45 | C35: 3 | D35: MOPAR | E35: 68191349AC | F35: Engine Filter | G35: n/a | H35: AutoNation Spring | J35: 40.43
A36: 44037 | B36: 4.99 | C36: 1 | D36: Permatex | E36: 80345 561902-7 | F36: White Lithium Grease, 1.5oz | G36: n/a | H36: O'Reilly Auto Parts | J36: 102.81
B37: 24.99 | C37: 1 | D37: AC Delco | E37: 21625285818 | F37: Jack Stands | G37: 11.13 | H37: O'Reilly Auto Parts
B38: 64.99 | C38: 1 | D38: AC Delco | E38: 49538093047 | F38: 2.25 Ton Hydraulic Trolley Jack | G38: 27.2 | H38: O'Reilly Auto Parts
A39: 44054 | B39: 0 | C39: 1 | D39: Mopar | F39: take-off RubiRails | G39: 54.6 | H39: JLWranglerForum member | I39: 44055 | J39: 57.88
A40: 44043 | B40: 469.99 | C40: 1 | D40: Yaesu | E40: FTM-300DR M | F40: 50W C4FM/FM 144/430MHz Dual Band Digital Mobile Transceiver | G40: 2.43 | H40: HamCity | J40: 508.76
A41: 44073 | B41: 25.9 | C41: 1 | D41: JACO Superior Products | F41: ELITE™ DIGITAL TIRE PRESSURE GAUGE - PROFESSIONAL ACCURACY - 100 PSI | G41: 0.375 | H41: JACO Superior Products | I41: 44075 | J41: 28.04
A42: 44198 | B42: 12.25 | C42: 1 | D42: MOPAR | E42: 4318060AD | F42: Limited Slip Additive, Friction Modifier | G42: n/a | H42: AutoNation Spring | J42: 13.26
A43: 44293 | B43: 22.99 | C43: 1 | D43: WIX | E43: WP10371 | F43: Cabin Air Filter | G43: n/a | H43: O'Reilly Auto Parts | I43: 44293 | J43: 24.89
A44: 44331 | B44: 24.99 | C44: 1 | D44: WIX | E44: WA10841 | F44: Engine Air Filter | G44: n/a | H44: O'Reilly Auto Parts | J44: 68.15
B45: 7.99 | C45: 1 | E45: GM8323 | F45: 22mm deep socket | G45: n/a | H45: O'Reilly Auto Parts
B46: 19.99 | C46: 1 | E46: GM8385 | F46: Hex Bit Set | G46: n/a | H46: O'Reilly Auto Parts
B47: 9.99 | C47: 1 | E47: GM8409 | F47: Adapter set | G47: n/a | H47: O'Reilly Auto Parts
A48: 44332 | B48: 3.99 | C48: 1 | E48: 15-3607 | F48: Tread depth gauge | G48: n/a | H48: O'Reilly Auto Parts | J48: 7.56
B49: 2.99 | C49: 1 | E49: 11773 | F49: 3lb mag pick up | G49: n/a | H49: O'Reilly Auto Parts
A50: 44349 | B50: 200 | C50: 5 | D50: Mopar | F50: Rubicon take-off wheels | G50: n/a | H50: facebook marketplace | J50: 200
A51: 44359 | B51: 9.99 | C51: 3 | D51: Valvoline | E51: VAL ATF+4 | F51: Automatic Transmission Fluid | G51: n/a | H51: O'Reilly Auto Parts | J51: 44.34
B52: 10.99 | C52: 1 | D52: Performance Tool | E52: PFM W1139 | F52: Fluid Pump | G52: n/a | H52: O'Reilly Auto Parts
B53: 0 | C53: 1 | D53: Noggle | F53: Child Seat Cooling Hose | H53: Fathers Day Gift | I53: 44361 | J53: 0
A54: 44417 | B54: 2.99 | C54: 1 | D54: Ace Hardware | E54: 8286254 | F54: Winshield Wiper Fluid | G54: n/a | H54: Ace Hardware | J54: 4
A55: 44422 | B55: 49.99 | C55: 1 | D55: Valvoline | E55: 882505-EA | F55: Valvoline SynPower SAE 75W-90 Full Synthetic Gear Oil 1 GA | G55: 7.48 | H55: Amazon: Valvoline | J55: 54.11
A56: 44452 | B56: 2.99 | C56: 1 | D56: Ace Hardware | E56: 8286254 | F56: Winshield Wiper Fluid | G56: n/a | H56: Ace Hardware | J56: 4
B57: 0.59 | C57: 1 | D57: Ace Hardware | E57: 58849E | F57: Christmas tree clip | G57: n/a | H57: Ace Hardware | I57: 44452
A58: 44453 | B58: 513.59 | C58: 1 | D58: MOPAR | E58: DW2415GTYOEM | F58: MOPAR Jeep JL windshield, DOT1038 | G58: n/a | H58: Safelite Auto Glass | I58: 44453 | J58: 0
A59: 44480 | B59: 22.99 | C59: 1 | D59: WIX | E59: WP10371 | F59: Cabin Air Filter | G59: n/a | H59: O'Reilly Auto Parts | I59: 44482 | J59: 24.89
A60: 44480 | B60: 114.02 | C60: 1 | D60: Pennzoil | F60: Pennzoil Ultra Platinum Full Synthetic 0W-20 Motor Oil (5-Quart, Case of 3) | G60: n/a | H60: GENUINE PRODUCTS SUPPLY LLC | J60: 123.43
A61: 44480 | B61: 9.11 | C61: 4 | D61: MOPAR | E61: 68191349AC | F61: Engine Filter | G61: n/a | H61: International Distributors USA Inc. | J61: 39.44
A62: 44652 | B62: 22.8 | C62: 1 | D62: MOPAR | E62: 68088485AB | F62: Fluid-Power Steering | G62: n/a | H62: AutoNation Spring | J62: 43.62
B63: 17.5 | C63: 1 | D63: MOPAR | E63: 68163849AB | F63: Anitfreeze 50/50 mix | G63: n/a | H63: AutoNation Spring
A64: 44744 | B64: 1049 | C64: 1 | D64: Off Road Only | E64: AK-MJL18 | F64: YORK MINI ON BOARD AIR KIT WRANGLER JL 2018-UP 3.6L | G64: 45 | H64: Off Road Only | J64: 1049
A65: 44711 | C65: 1 | F65: keyfob battery | G65: n/a | I65: 44711
A66: 44744 | C66: 1 | D66: Craftsman | E66: CMXEVBE17250 | F66: 2.5gal 1.75hp portable wet/dry vac | G66: n/a | H66: Ace Hardware
C67: 1 | D67: FloTool | E67: 11838MI | F67: 15 Quart Drain Container | G67: n/a | H67: Ace Hardware
C68: 1 | D68: LubriMatic | E68: 55-001 | F68: 4cc Fluid Quart Pump | G68: n/a | H68: Ace Hardware
A69: 44747 | B69: 2.95 | C69: 1 | D69: PrimeGuard | F69: Winshield Wiper Fluid | G69: n/a | H69: Fairchild Exchange | J69: 2.95
B70: 15.99 | C70: 1 | D70: Mothers | E70: MO-5324 | F70: 24 oz Mothers Protectant for Rubber, Vinyl, and Plastic | G70: n/a | H70: Palm Beach Motoring Group | J70: =15.99+3.95 -> 19.94
A71: 44758 | B71: 21.99 | C71: 3 | D71: Valvoline | E71: 888374 | F71: Zerex American Vehicle Antifreeze/Coolant | G71: n/a | H71: O'Reilly Auto Parts | J71: 71.97
A72: 44917 | B72: 34.75 | C72: 4 | D72: MOPAR | E72: 1LB77DX8AC | F72: Cap -Wheel | G72: n/a | H72: AutoNation Spring | J72: 150.47
A73: 44909 | B73: 5.49 | C73: 1 | F73: Snow Scraper Brush | G73: n/a | H73: Fairchild Main Store | J73: 5.49
A74: 44917 | B74: 314 | C74: 5 | D74: General | E74: 4505750000 | F74: Grabber X3 LT255/75R17 | G74: 57 | H74: Discount Tire | I74: 44917 | J74: 1570
A75: 44942 | B75: 205 | C75: 1 | D75: Z Automotive | F75: Tazer JL Lite | G75: 0.5 | H75: OffroaD Highway | J75: =SUM(B75:B79)*1.0606 -> 385.24174
B76: 35.08 | C76: 1 | D76: WIX | E76: ‎WA10841 | F76: Air Filter | G76: n/a | H76: Amazon.com Services LLC
B77: 45.78 | C77: 1 | D77: PowerStop | E77: Z36-1589 | F77: Truck & Tow Front Carbon-Fiber Ceramic Brake Pads | G77: n/a | H77: Amazon.com Services LLC
B78: 48.78 | C78: 1 | D78: PowerStop | E78: z36-6004 | F78: Truck & Tow Rear Carbon-Fiber Ceramic Brake Pads | G78: n/a | H78: Amazon.com Services LLC
B79: 28.59 | C79: 1 | D79: Pentosin | E79: CHF 11S | F79: Long-Life Synthetic Hydraulic Fluid | G79: n/a | H79: Empathic Solutions
A80: 44942 | B80: 24.7 | C80: 1 | D80: WIX | E80: WP10371 | F80: Cabin Air Filter | G80: n/a | H80: Newparts | J80: 24.1
A81: 44942 | B81: 9.18 | C81: 5 | D81: Valvoline | E81: 822348 | F81: ATF +4 full-synthetic automatic transmission fluid | G81: n/a | H81: Amazon.com Services LLC | J81: 48.75
A82: 44943 | B82: 513.59 | C82: 1 | D82: MOPAR | E82: DW2415GTYOEM | F82: MOPAR Jeep JL windshield, DOT1038 | G82: n/a | H82: Safelite Auto Glass | I82: 44943 | J82: 0
A83: 44944 | B83: 20.99 | C83: 3 | D83: Valvoline | E83: ‎888374 | F83: Zerex American Vehicle 50/50 Prediluted Ready-to-Use Antifreeze/Coolant 1 GA | G83: n/a | H83: O'Reilly Auto Parts | J83: =45.44+22.51 -> 67.95
A84: 44945 | B84: 11.69 | C84: 1 | D84: Sylvania | E84: 2443ST.BP2 | F84: 7443 SilverStar Lamp | G84: n/a | H84: O'Reilly Auto Parts | J84: 12.54
A85: 44946 | B85: 44.99 | C85: 1 | D85: Power Torque | E85: PT34124 | F85: Jack Stands | G85: n/a | H85: O'Reilly Auto Parts | J85: 48.25
A86: 44946 | B86: 3.41 | C86: 2 | D86: Dorman | E86: DOR 610-615 | F86: Wheel stud | G86: n/a | H86: O'Reilly Auto Parts | I86: 44946 | J86: 7.31
A87: 44946 | B87: 24.97 | C87: 1 | D87: Husky | E87: H38FPRAT | F87: Ratchet 3/8" Full Polish | G87: n/a | H87: Home Depot | J87: 37.58
B88: 4.77 | C88: 1 | D88: Husky | E88: H3D6P18MM | F88: 3/8" Drive 18mm six-point | G88: n/a | H88: Home Depot
B89: 4.98 | C89: 1 | D89: Husky | E89: H3D6PD18MM | F89: 3/8" Drive 18mm six-point Deep | G89: n/a | H89: Home Depot
A90: 44947 | B90: 26.99 | C90: 1 | D90: Power Torque | E90: PTT GM6112 | F90: 1/2-18" breaker bar | G90: n/a | H90: O'Reilly Auto Parts | J90: 78.13
B91: 17.09 | C91: 1 | D91: Power Torque | E91: PTT GM6111 | F91: 3/8-12" breaker bar | G91: n/a | H91: O'Reilly Auto Parts
B92: 7.19 | C92: 1 | D92: Power Torque | E92: PTT GM8280 | F92: 24mm 3/8 drive socket | G92: n/a | H92: O'Reilly Auto Parts
B93: 5.39 | C93: 1 | D93: Power Torque | E93: PTT GM8174 | F93: 10mm Hex bit 3/8" drive | G93: n/a | H93: O'Reilly Auto Parts
B94: 16.19 | C94: 1 | D94: Performance Tool | E94: PFM W2503 | F94: Impact driver | G94: n/a | H94: O'Reilly Auto Parts
A95: 44949 | B95: 0.3 | C95: 2 | E95: 58481-C | F95: 5/16" bolt retainer | G95: n/a | H95: Ace Hardware | I95: 44949 | J95: 0.65
A96: 44949 | B96: 3.99 | C96: 1 | F96: Push nut assortment, 16pk | G96: n/a | H96: AutoZone | I96: 44949 | J96: 4.24
A97: 44980 | B97: 5.99 | C97: 1 | D97: Ace Hardware | E97: 40215 | F97: Red rubber sheet packing | G97: n/a | H97: Ace Hardware | J97: 62.74
B98: 16.99 | C98: 2 | D98: Hillman | E98: 5118153 | F98: 1/8"x1"x4' aluminum angle | G98: n/a | H98: Ace Hardware
B99: 17.99 | C99: 1 | D99: Hillman | E99: 5118039 | F99: 1/4"x1" aluminum flat bar | G99: n/a | H99: Ace Hardware
A100: 45003 | B100: 129.95 | C100: 1 | D100: TechAuthority | E100: 81-370-18071-SUSB | F100: 2018 Jeep Wrangler JL Service Information USB | G100: n/a | H100: TechAuthority | J100: 266.49
B101: 99.95 | C101: 1 | D101: TechAuthority | E101: 81-370-20061-WUSB | F101: 2020 Jeep Wrangler - Wiring Information USB | G101: n/a | H101: TechAuthority

Sheet Wishlist
A1: Manufacturer | B1: Item Number | C1: Item Description | D1: Weight (lbs) | E1: Price
A2: Hi-Lift Jack Company | B2: TT-1000 | C2: Trail Trak® Roll Cage Track Mounting System For 2018+ Jeep Wrangler JLU (4 Door) | D2: 6 | E2: 151.6
A3: Hi-Lift Jack Company | B3: RGJC | C3: Hi-Lift Running Gear Cover | D3: 0.6 | E3: 51.94
A4: Hi-Lift Jack Company | B4: HK-R | C4: Hi-Lift Handle Keeper | D4: 0.5 | E4: 22.82
A5: Hi-Lift Jack Company | B5: FK-1 | C5: Hi-Lift Fix-It-Kit | D5: 0.5 | E5: 33.9
A6: Hi-Lift Jack Company | B6: TT-UH | C6: Trail Trak® Universal Mounting Hub | D6: 2 | E6: 83.94
A7: Warn Industries | B7: 95950 | C7: ZEON 12-S WINCH | D7: 80 | E7: 1988.22
A8: Warn Industries | B8: 90287 | C8: WIRELESS CONTROL SYSTEM FOR TRUCK & SUV WINCHES | D8: 0.5 | E8: 272.58
A9: Next Venture Motorsports | B9: NV-JL-00040-UHMW | C9: JLU ALUMINUM BELLY SKIDS (3.6 V6) | D9: 104 | E9: 2999.99
A10: Jeep Performance Parts | B10: 82215740AD | C10: Fender Flare for 2018–2022, 2-Door or 4-Door Jeep® Wrangler JL. Paintable with halogen lights. | E10: 760
A11: EVO Manufacturing | B11: EVO-3015PBIL | C11: 2.5” GAS HIGH CLEARANCE LONG ARM JEEP WRANGLER JL SUSPENSION SYSTEM with Plush Ride Springs FOR JLU (4 DOOR ONLY) | E11: 4901.49
A12: GenRight Off Road | B12: RCG-10070 | C12: Jeep Wrangler JLU or JKU 4 Door Rocker Guards - Steel | D12: 126 | E12: 1999.99
A13: MORRFlate | B13: MFT-XTRE | C13: MORRFlate Xtreme 4×4 Tire Repair Kit | D13: 6 | E13: 150
A14: Premier Power Welder | B14: JL270-MINI | C14: Jeep Wrangler / Gladiator (3.6L) 2012-Present, 270 amps - Mini Welder System | E14: 1942.8

Sheet Calculators
A1: 2020 Jeep JL | D1: Speed Calculator | G1: RPM Calculator | J1: Gear Ratio Calculator | M1: Tire Size Calculator | P1: Linear Sping Rate | S1: Tire Pressure Conversion
A2: Transmission | D2: RPM | E2: 1000 | G2: Speed | H2: 75 | J2: Gear | K2: 5.13 | M2: Metric -> Floatation | P2: Modulous | Q2: 11250000 | T2: Old Tire | U2: New Tire
A3: 5.13 | B3: 1 | D3: Gear | E3: 5.13 | G3: Gear | H3: 0.72 | J3: Range | K3: 2.72 | M3: Section Width | N3: 255 | P3: Wire Diameter (in) | Q3: 0.5 | S3: Carrying Capacity (lbs) | T3: 2535 | U3: 2403
A4: 2.63 | B4: 2 | D4: Range | E4: 2.72 | G4: Range | H4: 1 | J4: R&P | K4: 3.45 | M4: Aspect Ratio | N4: 75 | P4: Active Turns | Q4: 8 | S4: Max Cold Tire Pressure (psi) | T4: 44 | U4: 50
A5: 1.53 | B5: 3 | D5: R&P | E5: 3.45 | G5: R&P | H5: 3.45 | M5: Wheel | N5: 17 | P5: Mean Diameter (in) | Q5: 3.5 | S5: Load Range | T5: SL | U5: C
A6: 1 | B6: 4 | D6: Tire Size | E6: 32.06 | G6: Tire Size | H6: 32.06 | J6: Gear Ratio | K6: =(K2*K3*K4) -> 48.13992 | S6: Suggested Cold Tire Pressure (psi) | T6: 36
A7: 0.81 | B7: 5 | M7: Height | N7: =((N3*(N4/100)*2)/25.4)+N5 -> 32.059055 | P7: Spring Rate (lbs/in) | Q7: =((Q3^4)*Q2)/(8*(Q5^3)*Q4) -> 256.24089 | S7: Carrying Capacity per psi | T7: =T3/T4 -> 57.613636 | U7: =U3/U4 -> 48.06
A8: 0.72 | B8: 6 | D8: Speed | E8: =(((2*PI()*(E6/2))*(60/(12*5280)))*E2)/(E3*E4*E5) -> 1.981272 | G8: RPM | H8: =((H2*5280*12)/60)/((2*PI()*(H6/2)))*(H3*H4*H5) -> 1953.275 | M8: Width | N8: =N3/25.4 -> 10.03937 | S8: Equivalent Max psi | U8: =(IF((IF(OR(T5="sl",T5="xl"),1,1.1))=(IF(OR(U5="sl",U5="xl"),1,1.1)),T3,IF((IF(OR(T5="sl",T5="xl"),1,1.1))<(IF(OR(U5="sl",U5="xl"),1,1.1)),T3/(IF(OR(U5="sl",U5="xl"),1,1.1)),T3*(IF(OR(U5="sl",U5="xl"),1,1.1)))))/U7 -> 47.951424
A9: 4.49 | B9: R | P9: Load (lbs) | Q9: 1500
M10: Floatation -> Metric | S10: New Suggested psi | U10: =(T7*T6)/U7 -> 43.156282
A11: Transfer Case | M11: Heigth | N11: 35 | P11: Spring Deflection (in) | Q11: =Q9/Q7 -> 5.8538667
A12: 1 | B12: H | M12: Width | N12: 12.5
A13: 2.72 | B13: L | M13: Wheel | N13: 17
A15: Ring & Pinion | M15: Section Width | N15: =N12*25.4 -> 317.5
A16: 3.45 | B16: F | M16: Aspect Ratio | N16: =((((N11-N13)/2)*25.4)/(N12*25.4))*100 -> 72
A18: Tire Size (inches)
A19: 32.06 | B19: T

Sheet Weight
A1: Weight Rating | D1: lbs
A2: Gross Vehicle Weight Rating | D2: 5500
A3: Gross Axle Weight Rating - Front | D3: 2700
A4: Gross Axle Weight Rating - Rear | D4: 3000
A5: Gross Combined Weight Rating | D5: 8117
A6: Gross Trailer Weight | D6: 3500
A7: Max Trailer Tounge Weight | D7: 350

Sheet Tool Roll
A1: Code
A2: 1a | B2: rag
A3: 1b
A4: 1c | B4: tread depth gauge | C4: tire pressure gauge
A5: 1d
A6: 1e
A7: 1f
A8: 2a | B8: rag | C8: t-50 | D8: t-40 | E8: bit driver
A9: 3a | B9: 24mm socket | C9: 6" extension 3/8" drive | D9: 3/8" -> 1/2" adapter | E9: 3/8" drive ratchet | F9: torque wrench | G9: 1/2" -> 3/8" adapter | H9: 13mm socket | I9: funnel
A10: 3b | B10: jack | C10: jack stand | D10: t-40 | E10: 22mm socket, deep | F10: wheel lock key | G10: 1/2" breaker bar | H10: torque wrench
A11: 3c
A12: 3d
A13: 3e
A14: 3f
A15: 3g
A16: 3h
A17: 3i
A18: 3j*
A19: 4a
A20: 5a
A21: 5b
A22: 5c
... A25: 6b
A26: 7a | B26: 3/8" drive ratchet
A27: 8a | B27: 3/8" drive ratchet | C27: rag | D27: oil catch pan | E27: fluid pump
A28: 9a
A29: 10a
A30: 11a
A31: 12a
A32: 12b
A33: 13a
A34: 13b
A35: 14a
